 Dungeon Crawl Stone Soup version 0.21.1-1-g345015f (webtiles) character file.

75 iamserjio the Sneak (level 4, -2/38 HPs)
             Began as a Gnoll Assassin on June 23, 2018.
             Killed from afar by an orc wizard (8 damage)
             ... with a magic dart
             ... on level 3 of the Dungeon.
             The game lasted 00:03:47 (378 turns).

iamserjio the Sneak (Gnoll Assassin)                 Turns: 378, Time: 00:03:48

Health: -2/38      AC:  3    Str: 13    XL:     4   Next: 31%
Magic:  5/5        EV: 13    Int: 14    God:
Gold:   42         SH:  0    Dex: 17    Spells: 5/5 levels left

rFire    . . .     SeeInvis .   b - +0 blowgun
rCold    . . .     Gourm    .   (no shield)
rNeg     . . .     Faith    .   c - +0 robe
rPois    .         Spirit   .   (no helmet)
rElec    .         Reflect  .   d - +0 cloak
rCorr    .         Harm     .   (no gloves)
MR       .....     Rnd*Tele +   (no boots)
Stlth    ++++......             (no amulet)
HPRegen  0.12/turn              m - ring of teleportation (curse)
MPRegen  0.09/turn              (no ring)

@: no status effects
A: distributed training, fangs 1, strong nose
a: no special abilities


You were on level 3 of the Dungeon.
You were not hungry.

You visited 1 branch of the dungeon, and saw 4 of its levels.

You collected 42 gold pieces.

Inventory:

Hand Weapons
 a - a +2 dagger
 b - a +0 blowgun (weapon)
Missiles
 e - a poisoned needle (quivered)
 f - 7 curare-tipped needles {!f}
 n - 2 throwing nets {!f}
Armour
 c - a +0 robe (worn)
 d - a +0 cloak (worn)
Jewellery
 m - a cursed ring of teleportation (left hand)
Scrolls
 h - 2 scrolls of teleportation {unknown}
 i - 2 scrolls of identify {unknown}
 j - a scroll of enchant weapon {unknown}
Potions
 k - a potion of resistance {unknown}
 o - a potion of degeneration {unknown}
Books
 l - a book of Cantrips

   Spells                             Type                      Level
   a - Confusing Touch                Hexes                        1
   b - Animate Skeleton               Necromancy                   1
   c - Summon Small Mammal            Summoning                    1
   d - Apportation                    Translocation                1
Comestibles
 g - a ration


   Skills:
 + Level 4.6 Fighting
 + Level 4.6 Short Blades
 + Level 1.1 Long Blades
 + Level 1.1 Axes
 + Level 1.1 Maces & Flails
 + Level 1.1 Polearms
 + Level 1.1 Staves
 + Level 1.1 Slings
 + Level 1.1 Bows
 + Level 1.1 Crossbows
 + Level 4.6 Throwing
 + Level 1.1 Armour
 + Level 2.7 Dodging
 + Level 7.8 Stealth
 + Level 1.1 Shields
 + Level 1.1 Unarmed Combat
 + Level 1.1 Spellcasting
 + Level 0.8 Conjurations
 + Level 0.8 Hexes
 + Level 0.8 Charms
 + Level 0.8 Summonings
 + Level 0.8 Necromancy
 + Level 0.8 Translocations
 + Level 0.8 Transmutations
 + Level 0.8 Fire Magic
 + Level 0.8 Ice Magic
 + Level 0.8 Air Magic
 + Level 0.8 Earth Magic
 + Level 0.8 Poison Magic
 + Level 1.2 Invocations
 + Level 1.1 Evocations


You had 5 spell levels left.
You didn't know any spells.

Dungeon Overview and Level Annotations

Branches:
Dungeon (4/15)
 Temple: D:4-7

Altars:
Ashenzari
Gozag
Hepliaklqana
Ru


Innate Abilities, Weirdness & Mutations

Your experience applies equally to all skills.
You have very sharp teeth.
Your uncanny sense of smell can sniff out nearby items.


Message History

The orc wizard blinks!
Firing (i - inventory. (,) - cycle):
e - 4 poisoned needles (quivered)
Press: ? - help, Shift-Dir - straight line, f/p - orc wizard
Aim: an orc wizard, wielding a dagger and wearing a robe (moderately wounded, poisoned)
You shoot a poisoned needle.
The poisoned needle hits the orc wizard.
The orc wizard is moderately wounded.
Firing (i - inventory. (,) - cycle):
e - 3 poisoned needles (quivered)
Press: ? - help, Shift-Dir - straight line, f/p - orc wizard
Aim: an orc wizard, wielding a dagger and wearing a robe (heavily wounded, poisoned)
You shoot a poisoned needle.
The poisoned needle closely misses the orc wizard.
Firing (i - inventory. (,) - cycle):
e - 2 poisoned needles (quivered)
Press: ? - help, Shift-Dir - straight line, f/p - orc wizard
Aim: an orc wizard, wielding a dagger and wearing a robe (heavily wounded, poisoned)
You shoot a poisoned needle.
The poisoned needle barely misses the orc wizard.
The orc wizard points at you and mumbles some strange words.
The magic dart hits you!
You die...

.........#
#...!......#
#....(.....#
#..........###
#............#
#......(...#.#
##.......)..#.#
∆#........†..#.#
#@#######)#.#
#...o(.<(...#
#......(#.###
##.##...#..#
#....#.##.#
######....#
######


You could see an orc wizard.

Vanquished Creatures
  An orc priest (D:3)
  2 adders (D:2)
  A worm (D:3)
  A dart slug (D:1)
  A leopard gecko (D:1)
  2 orcs (D:3)
  2 giant cockroaches
  2 goblins
  3 hobgoblins
  3 kobolds (D:2)
  A frilled lizard (D:1)
  2 rats
21 creatures vanquished.

Notes
Turn   | Place    | Note
-------+----------+-------------------------------------------
     0 | D:1      | iamserjio the Gnoll Assassin began the quest for the Orb.
     0 | D:1      | Reached XP level 1. HP: 20/20 MP: 1/1
    63 | D:2      | Reached XP level 2. HP: 26/26 MP: 2/2
    83 | D:3      | Found a sacrificial altar of Ru.
   104 | D:3      | Found a shattered altar of Ashenzari.
   272 | D:2      | Found a hazy altar of Hepliaklqana.
   286 | D:2      | Reached XP level 3. HP: 31/31 MP: 3/3
   314 | D:2      | Found an opulent altar of Gozag.
   330 | D:3      | Reached skill level 1 in Invocations
   352 | D:3      | Reached skill level 1 in Long Blades
   352 | D:3      | Reached skill level 1 in Axes
   352 | D:3      | Reached skill level 1 in Maces & Flails
   352 | D:3      | Reached skill level 1 in Polearms
   352 | D:3      | Reached skill level 1 in Staves
   352 | D:3      | Reached skill level 1 in Slings
   352 | D:3      | Reached skill level 1 in Bows
   352 | D:3      | Reached skill level 1 in Crossbows
   352 | D:3      | Reached skill level 1 in Armour
   352 | D:3      | Reached skill level 1 in Shields
   352 | D:3      | Reached skill level 1 in Unarmed Combat
   352 | D:3      | Reached skill level 1 in Spellcasting
   352 | D:3      | Reached skill level 1 in Evocations
   352 | D:3      | Reached XP level 4. HP: 21/38 MP: 5/5
   378 | D:3      | Killed from afar by an orc wizard

Skill      XL: |  1  2  3 |
---------------+----------+-----
Invocations    | 1 |  1.2
Long Blades    | 1 |  1.1
Axes           | 1 |  1.1
Maces & Flails | 1 |  1.1
Polearms       | 1 |  1.1
Staves         | 1 |  1.1
Slings         | 1 |  1.1
Bows           | 1 |  1.1
Crossbows      | 1 |  1.1
Armour         | 1 |  1.1
Shields        | 1 |  1.1
Unarmed Combat | 1 |  1.1
Spellcasting   | 1 |  1.1
Evocations     | 1 |  1.1
Fighting       | |  4.6
Short Blades   | |  4.6
Throwing       | |  4.6
Dodging        | |  2.7
Stealth        | |  7.8
Conjurations   | |  0.8
Hexes          | |  0.8
Charms         | |  0.8
Summonings     | |  0.8
Necromancy     | |  0.8
Translocations | |  0.8
Transmutations | |  0.8
Fire Magic     | |  0.8
Ice Magic      | |  0.8
Air Magic      | |  0.8
Earth Magic    | |  0.8
Poison Magic   | |  0.8

Action                   |  1- 3 |  4- 6 || total
-------------------------+-------+-------++-------
Melee: Dagger            |    32 |    11 ||    43
       Bite              |     2 |       ||     2
 Fire: Blowgun           |     4 |     5 ||     9
 Stab: Sleeping          |    10 |       ||    10
Armor: Robe              |       |     1 ||     1
Dodge: Dodged            |    11 |     5 ||    16
